 Dungeon Crawl Stone Soup version 0.27-a0-1140-g099f9bb0e8 (webtiles) character file.

Game seed: 11529231959816285490

1743 senseless the Chopper (level 9, -1/109 HPs)
             Began as a Gnoll Chaos Knight on May 8, 2021.
             Was a Plaything of Xom.
             Slain by emiel's ghost (7 damage)
             ... on level 7 of the Dungeon.
             The game lasted 00:21:12 (6031 turns).

senseless the Chopper (Gnoll Chaos Knight)          Turns: 6031, Time: 00:21:12

Health: -1/109     AC: 24    Str: 18    XL:     9   Next: 6%
Magic:  13/13      EV:  2    Int: 12    God:    Xom [*.....]
Gold:   26         SH:  9    Dex: 12    Spells: 15/15 levels left

rFire    + . .     SeeInvis .   a - +2 hand axe (chaos)
rCold    . . .     Faith    +   d - +0 kite shield
rNeg     + + +     Spirit   .   (armour currently unavailable)
rPois    +         Reflect  .   (helmet currently unavailable)
rElec    .         Harm     .   (cloak currently unavailable)
rCorr    +         Rampage  .   (gloves currently unavailable)
Will     .....     NoTele   +   (boots currently unavailable)
Stlth    ++........             x - amulet of faith
HPRegen  0.28/turn              o - ring of protection from fire
MPRegen  0.13/turn              r - ring of resist corrosion

@: tree-form
A: stationary, stasis, torment immunity, boosted hp, (fangs 2), strong nose,
distributed training, (antennae 1), (hooves 2), (fire resistance 1), low mp 1,
strong 2
a: Renounce Religion


You were on level 7 of the Dungeon.
You worshipped Xom.
You were a special plaything of Xom.
You were a tree.
You visited 1 branch of the dungeon, and saw 7 of its levels.

You collected 296 gold pieces.
You spent 270 gold pieces at shops.

Inventory:

Hand Weapons
 a - a +2 hand axe of chaos (weapon)
 h - a +2 short sword of speed
 j - a +3 falchion
 l - a +3 flail
 m - a +1 war axe of venom
 v - a +1 flail of protection
Missiles
 k - 3 throwing nets (quivered)
Armour
 b - a +2 leather armour
 d - a +0 kite shield (worn)
 u - a +0 cloak (melded)
 w - the +0 scale mail of Bitterness (melded) {rF+ Slay+2}
   (You bought it in a shop on level 6 of the Dungeon)

   It affects your accuracy and damage with ranged weapons and melee attacks
   (+2).
   It protects you from fire.
 y - a +0 plate armour
Magical Staves
 g - a staff of air
 p - a staff of conjuration
Jewellery
 f - an amulet of regeneration
 o - a ring of protection from fire (left branch)
 r - a ring of resist corrosion (right branch)
 x - an amulet of faith (around neck)
Scrolls
 e - a scroll of summoning
 i - 6 scrolls of identify
 n - 3 scrolls of magic mapping
 q - a scroll of fog
 t - 3 scrolls of teleportation {unknown}
Potions
 c - a potion of lignification


   Skills:
 + Level 7.6 Fighting
 + Level 3.8 Short Blades
 + Level 3.8 Long Blades
 + Level 7.6 Axes
 + Level 3.8 Maces & Flails
 + Level 3.8 Polearms
 + Level 3.8 Staves
 + Level 3.8 Slings
 + Level 3.8 Bows
 + Level 3.8 Crossbows
 + Level 3.8 Throwing
 + Level 6.0 Armour
 + Level 4.7 Dodging
 + Level 3.8 Stealth
 + Level 3.8 Shields
 + Level 3.8 Unarmed Combat
 + Level 3.8 Spellcasting
 + Level 3.1 Conjurations
 + Level 3.1 Hexes
 + Level 3.1 Summonings
 + Level 3.1 Necromancy
 + Level 3.1 Translocations
 + Level 3.1 Transmutations
 + Level 3.1 Fire Magic
 + Level 3.1 Ice Magic
 + Level 3.1 Air Magic
 + Level 3.1 Earth Magic
 + Level 3.1 Poison Magic
 + Level 4.2 Invocations
 + Level 3.8 Evocations


You had 15 spell levels left.
You didn't know any spells.
Your spell library contained the following spells:

 Spells                   Type           Power      Damage    Failure   Level
 Summon Small Mammal      Summ           36%        N/A       26%         1
 Call Imp                 Summ           9%         N/A       36%         2
 Call Canine Familiar     Summ           9%         N/A       61%         3
 Confusing Touch          Hex            9%         N/A       61%         3
 Gell's Gravitas          Tloc           4%         N/A       61%         3
 Summon Guardian Golem    Hex/Summ       9%         N/A       61%         3
 Swiftness                Air            9%         N/A       61%         3
 Animate Armour           Summ/Erth      18%        N/A       95%         4
 Petrify                  Tmut/Erth      9%         N/A       95%         4
 Summon Ice Beast         Ice/Summ       9%         N/A       95%         4
 Summon Lightning Spire   Summ/Air       9%         N/A       95%         4
 Metabolic Englaciation   Hex/Ice        4%         N/A       100%        5
 Yara's Violent Unravell  Hex/Tmut       4%         3d4       100%        5
 Shadow Creatures         Summ           N/A        N/A       100%        6


Dungeon Overview and Level Annotations

Branches:
Dungeon (7/15)             Temple (0/1) D:5

Altars:
Ashenzari
Makhleb
Trog
Uskayaw
Vehumet
The Shining One

Shops:
D:2 =   D:6 *

Annotations:
D:7 emiel's ghost, novice DsDe


Innate Abilities, Weirdness & Mutations

You are a tree.
Your roots penetrate the ground, keeping you stationary.
You cannot be teleported.
You are immune to unholy pain and torment.
Your maximum health is greatly increased.
Your equipment is partially melded.
((You have extremely sharp teeth.))
Your uncanny sense of smell can sniff out nearby items.
Your experience applies equally to all skills.
((You have a pair of small antennae on your head.))
((You have hoof-like feet.))
((Your flesh is heat resistant. (rF+)))
Your magical capacity is low. (-10% MP)
Your muscles are very strong. (Str +4)


Message History

Deactivating autopickup; reactivate with Ctrl-A.
Xom thinks this is hilarious!
Something hits you but does no damage. x2
You hit something but do no damage. Something hits you but does no damage.
Something hits you!
You hit something but do no damage. Something hits you!
You barely miss something.
Your transformation is almost over.
Something hits you. Something hits you but does no damage.
You hit something but do no damage.
Something hits you but does no damage. x2
You closely miss something. You block something's attack. Something hits you!
You hit something but do no damage. Something hits you but does no damage.
You hit something but do no damage. Something hits you but does no damage.
Something hits you!
You barely miss something. Something hits you but does no damage.
Something completely misses you.
Your shield prevents you from hitting something.
Something hits you but does no damage.
You hit something but do no damage.
You feel less wooden.
Your +0 cloak unmelds from your body.
The +0 scale mail of Bitterness {rF+ Slay+2} unmelds from your body.
Something hits you! x2
* * * LOW HITPOINT WARNING * * *
You hit something but do no damage. Your kick misses something.
You bite something. Something hits you!
* * * LOW HITPOINT WARNING * * *
Something hits you but does no damage.
You feel much better. Something hits you!
You miss something. You kick something. Your bite misses something.
Something hits you!
* * * LOW HITPOINT WARNING * * *
Something hits you!
* * * LOW HITPOINT WARNING * * *
Really quaff the potion of lignification?
You turn into a tree.
Your +0 cloak melds into your body.
The +0 scale mail of Bitterness {rF+ Slay+2} melds into your body.
Your roots penetrate the ground.
Something hits you but does no damage.
You miss something. Something hits you but does no damage. Something hits you!
You die...

.##.# #.# ##.........#.......#
.##.# #.# #..........#.#####.#
.##.#####.####.##..#....#.# #.#
....##.......#.##.......#.#####.#
.#####.......#.##...###...##.....
.## #.##.##.#.##..##⌠##..##.##)#
..# #.##.##.#.#..##...##..#.##.#
..# #.#..##.#...##.....##.>....#
..# #.#.###.###♣{...♣!.⌠#......#
.## #.#.##..# #.##..!..##.#.#..#
.#####.......###..##...##..#.#...
................'..##⌠##..'......
.#######.#...####...###...####...
## #.##.## ##........# #...
#.#### ##.....#.####.#. #....#
##...##......#. ####.#
##'##########.


There were no monsters in sight!

Vanquished Creatures
  A steam dragon (D:7)
  An ice beast (D:7)
  5 sky beasts
  A black bear (D:6)
  3 ogres
  2 bullfrogs
  A scorpion (D:5)
  A bullfrog zombie (D:6)
  A jelly (D:4)
  3 orc priests (D:4)
  2 bullfrog skeletons
  Jessica (D:2)
  Terence (D:3)
  3 iguanas
  An orc wizard (D:5)
  4 gnolls (D:4)
  5 adders
  An ufetubus (D:6)
  An adder skeleton (D:4)
  10 orcs
  10 ball pythons
  4 bats
  3 endoplasms
  6 giant cockroaches
  6 goblins
  8 hobgoblins
  5 jackals
  A quokka (D:2)
  4 frilled lizards
  2 kobolds (D:4)
  7 rats
104 creatures vanquished.

Vanquished Creatures (others)
  5 plants (D:1)
5 creatures vanquished.

Grand Total: 109 creatures vanquished

Notes
Turn   | Place    | Note
-------+----------+-------------------------------------------
     0 | D:1      | senseless the Gnoll Chaos Knight began the quest for the
                  | Orb.
     0 | D:1      | Reached XP level 1. HP: 23/23 MP: 1/1
   121 | D:1      | XOM: divination: magic mapping
   141 | D:1      | Reached XP level 2. HP: 22/29 MP: 2/2
   409 | D:1      | XOM: silly message
   441 | D:1      | XOM: 3-stop teleportation journey
   493 | D:1      | Found a faded altar of an unknown god.
   525 | D:1      | Gained mutation: You are dopey. (Int -2) [potion of
                  | mutation]
   525 | D:1      | Gained mutation: You expend magic power (3 MP) to
                  | strengthen your wands. [potion of mutation]
   525 | D:1      | Gained mutation: Your muscles are strong. (Str +2) [potion
                  | of mutation]
   786 | D:1      | Reached XP level 3. HP: 35/35 MP: 3/3
   789 | D:1      | XOM: divination: detect creatures
   959 | D:1      | XOM: give mutations
   959 | D:1      | Gained mutation: Your flesh is heat resistant. (rF+) [Xom's
                  | grace]
   959 | D:1      | Gained mutation: Your muscles are very strong. (Str +4)
                  | [Xom's grace]
  1476 | D:2      | Noticed Jessica
  1566 | D:2      | Reached skill level 1 in Invocations
  1583 | D:2      | Killed Jessica
  1584 | D:2      | Reached skill level 1 in Short Blades
  1584 | D:2      | Reached skill level 1 in Long Blades
  1584 | D:2      | Reached skill level 1 in Maces & Flails
  1584 | D:2      | Reached skill level 1 in Polearms
  1584 | D:2      | Reached skill level 1 in Staves
  1584 | D:2      | Reached skill level 1 in Slings
  1584 | D:2      | Reached skill level 1 in Bows
  1584 | D:2      | Reached skill level 1 in Crossbows
  1584 | D:2      | Reached skill level 1 in Throwing
  1584 | D:2      | Reached skill level 1 in Stealth
  1584 | D:2      | Reached skill level 1 in Shields
  1584 | D:2      | Reached skill level 1 in Unarmed Combat
  1584 | D:2      | Reached skill level 1 in Spellcasting
  1584 | D:2      | Reached skill level 1 in Evocations
  1584 | D:2      | Reached XP level 4. HP: 26/41 MP: 5/5
  1624 | D:2      | Identified the Disquisition on Calling and Lightness
  1688 | D:2      | Found Anooskeg's Jewellery Emporium.
  1697 | D:2      | XOM: give mutations
  1697 | D:2      | Gained mutation: You have a pair of small antennae on your
                  | head. [Xom's grace]
  1697 | D:2      | Gained mutation: You have large cloven feet. [Xom's grace]
  1697 | D:2      | Gained mutation: You have hoof-like feet. [Xom's grace]
  1697 | D:2      | Lost mutation: You are dopey. (Int -2) [Xom's grace]
  1731 | D:2      | Found a hide-covered altar of Uskayaw.
  1847 | D:3      | Noticed Terence
  1856 | D:3      | Killed Terence
  1857 | D:3      | Reached skill level 1 in Conjurations
  1857 | D:3      | Reached skill level 1 in Hexes
  1857 | D:3      | Reached skill level 1 in Summonings
  1857 | D:3      | Reached skill level 1 in Necromancy
  1857 | D:3      | Reached skill level 1 in Translocations
  1857 | D:3      | Reached skill level 1 in Transmutations
  1857 | D:3      | Reached skill level 1 in Fire Magic
  1857 | D:3      | Reached skill level 1 in Ice Magic
  1857 | D:3      | Reached skill level 1 in Air Magic
  1857 | D:3      | Reached skill level 1 in Earth Magic
  1857 | D:3      | Reached skill level 1 in Poison Magic
  1932 | D:3      | Reached XP level 5. HP: 46/47 MP: 5/7
  2060 | D:3      | XOM: scenery: 1 doors open
  2631 | D:4      | Noticed an ogre
  2641 | D:4      | Killed an ogre
  2642 | D:4      | Reached XP level 6. HP: 42/53 MP: 8/8
  2642 | D:4      | XOM: silly message
  2829 | D:4      | Reached skill level 5 in Armour
  2934 | D:4      | Found a hide-covered altar of Uskayaw.
  2934 | D:4      | Found a burning altar of Makhleb.
  2936 | D:4      | Found a radiant altar of Vehumet.
  3292 | D:4      | XOM: enchant monster (bad)
  3298 | D:4      | Reached XP level 7. HP: 28/59 MP: 10/10
  3544 | D:4      | XOM: give mutation
  3544 | D:4      | Gained mutation: You have extremely sharp teeth. [Xom's
                  | mischief]
  3562 | D:5      | Entered Level 5 of the Dungeon
  3562 | D:5      | Found a staircase to the Ecumenical Temple.
  3569 | D:5      | XOM: scenery: summon butterflies
  3571 | D:5      | XOM: chaos upgrade
  3574 | D:5      | XOM: butterfly on damage
  3681 | D:5      | XOM: give mutation
  3681 | D:5      | Gained mutation: Your magical capacity is low. (-10% MP)
                  | [Xom's mischief]
  3781 | D:5      | XOM: draining
  3806 | D:5      | Found a bloodstained altar of Trog.
  3984 | D:5      | Reached XP level 8. HP: 53/63 MP: 11/11
  4050 | D:5      | Found a broken altar of Ashenzari.
  4059 | D:5      | XOM: noise
  4067 | D:5      | XOM: give mutation
  4067 | D:5      | Lost mutation: You expend magic power (3 MP) to strengthen
                  | your wands. [Xom's mischief]
  4195 | D:5      | XOM: noise
  4434 | D:6      | XOM: give mutations
  4434 | D:6      | Gained mutation: You occasionally shout uncontrollably at
                  | your foes. [Xom's mischief]
  4434 | D:6      | Lost mutation: You occasionally shout uncontrollably at
                  | your foes. [Xom's mischief]
  4605 | D:6      | Found Acoisk's Assorted Antiques.
  4605 | D:6      | XOM: 8-stop teleportation journey
  4679 | D:6      | XOM: 2-stop teleportation journey
  4787 | D:6      | Bought a shimmering scale mail for 270 gold pieces
  4787 | D:6      | Identified the +0 scale mail of Bitterness {rF+ Slay+2}
                  | (You bought it in a shop on level 6 of the Dungeon)
  5105 | D:7      | XOM: enchant monster (good)
  5167 | D:7      | Found a glowing golden altar of the Shining One.
  5377 | D:7      | Reached XP level 9. HP: 69/72 MP: 13/13
  5572 | D:7      | XOM: god gift: plate armour {god gift}
  5596 | D:7      | Found a runed translucent door.
  5596 | D:7      | Noticed emiel's ghost (novice DsDe)
  5999 | D:7      | XOM: noise
  6004 | D:7      | XOM: confusion
  6010 | D:7      | XOM: noise
  6029 | D:7      | HP: 3/73 [something (9)]
  6031 | D:7      | Slain by emiel's ghost

Illustrated notes

Levels and vault maps discovered:
D:1:      dpeg_arrival_rhombus, layout_basic,
          hellmonk_ecumenical_altar_lost_god, serial_forest,
          infiniplex_forest_straight_4, infiniplex_forest_lined_2,
          infiniplex_forest_clump_small, infiniplex_forest_lined_room_3,
          infiniplex_forest_straight_4, infiniplex_forest_clump_medium,
          grunt_decor_arrowhead, kennysheep_another_room,
          minmay_worlds_worst_comb
D:2:      layout_rooms, basic_altar, serial_shops, nicolae_shop_behind_doors,
          uniq_jessica
D:3:      minmay_chambers_of_twos, layout_basic, uniq_terence
D:4:      layout_basic, gammafunk_temple_overflow_claw, palyth_stone_intersect
D:5:      layout_cave_pools, bloody_trog, evilmike_ruin_ashenzari,
          minmay_temple_entry_trees
D:6:      layout_loops_cross, serial_shops, shop_statue
D:7:      layout_loops_corners, tso_oasis_becter,
          hellmonk_ghost_happy_afterlife, supply_closet_lemuel

Skill      XL: |  1  2  3  4  5  6  7  8 |
---------------+-------------------------+-----
Invocations    | 1 2 3 4 |  4.2
Short Blades   | 1 2 3 |  3.8
Long Blades    | 1 2 3 |  3.8
Maces & Flails | 1 2 3 |  3.8
Polearms       | 1 2 3 |  3.8
Staves         | 1 2 3 |  3.8
Slings         | 1 2 3 |  3.8
Bows           | 1 2 3 |  3.8
Crossbows      | 1 2 3 |  3.8
Throwing       | 1 2 3 |  3.8
Stealth        | 1 2 3 |  3.8
Shields        | 1 2 3 |  3.8
Unarmed Combat | 1 2 3 |  3.8
Spellcasting   | 1 2 3 |  3.8
Evocations     | 1 2 3 |  3.8
Conjurations   | 1 2 3 |  3.1
Hexes          | 1 2 3 |  3.1
Summonings     | 1 2 3 |  3.1
Necromancy     | 1 2 3 |  3.1
Translocations | 1 2 3 |  3.1
Transmutations | 1 2 3 |  3.1
Fire Magic     | 1 2 3 |  3.1
Ice Magic      | 1 2 3 |  3.1
Air Magic      | 1 2 3 |  3.1
Earth Magic    | 1 2 3 |  3.1
Poison Magic   | 1 2 3 |  3.1
Dodging        | 3 4 |  4.7
Armour         | 5 6 |  6.0
Fighting       | 7 |  7.6
Axes           | 7 |  7.6

Action                   |  1- 3 |  4- 6 |  7- 9 || total
-------------------------+-------+-------+-------++-------
Melee: Hand axe          |    78 |   115 |   148 ||   341
       Bite              |     4 |    11 |    20 ||    35
       Kick              |       |    23 |    32 ||    55
  Use: Potion            |     4 |     2 |     8 ||    14
       Scroll            |     4 |     2 |     9 ||    15
 Stab: Sleeping          |     1 |       |       ||     1
       Distracted        |     1 |       |       ||     1
       Invisible         |       |       |     1 ||     1
       Paralysed         |       |       |     4 ||     4
Armor: Leather armour    |    30 |    37 |    33 ||   100
       Skin              |       |       |    32 ||    32
       Scale mail        |       |       |     2 ||     2
Dodge: Dodged            |    44 |    37 |    36 ||   117
Block: Kite shield       |    18 |    48 |    51 ||   117

Table legend: (Time is in decaauts)
 A = Elapsed time spent in this place.
 B = Non-inter-level travel time spent in this place.
 C = Inter-level travel time spent in this place.
 D = Time resting spent in this place.
 E = Time spent auto-exploring this place.
 F = Levels seen in this place.
 G = Mean time per level.
                   A        B        C        D        E       F      G
               +--------+--------+--------+--------+--------+-----+--------+
         Total |   6081 |   5830 |    251 |     54 |   4933 |   7 |  868.7 |
       Dungeon |   6081 |   5830 |    251 |     54 |   4933 |   7 |  868.7 |
               +--------+--------+--------+--------+--------+-----+--------+

Top non-repeatable levels by time:
     D:1: 1392 daAuts
     D:7: 969 daAuts
     D:4: 951 daAuts
     D:6: 846 daAuts
     D:3: 798 daAuts
     D:5: 657 daAuts
     D:2: 465 daAuts
